 Dungeon Crawl Stone Soup version bcrawl-1.37 (webtiles) character file.

Game seed: 12783203789433506876

263200 Turbognida the Slasher (level 7, -1/55 HPs)
             Began as a Human Fighter on Oct 3, 2022.
             Was a Believer of Cheibriados.
             Slain by a bullfrog (10 damage)
             ... in a sewer.
             The game lasted 00:02:56 (2210 turns).

Turbognida the Slasher (Human Fighter)              Turns: 2210, Time: 00:02:57

Health: -1/55      AC:  7    Str: 29    XL:     7   Next: 23%
Magic:  7/7        EV:  4    Int: 13    God:    Cheibriados [**....]
Gold:   176        SH: 13    Dex: 17    Spells: 6/6 levels left

rFire    . . .     GDR:     32% a - +0 long sword
rCold    . . .     SeeInvis .   c - +0 medium shield
rNeg     . . .     Gourm    .   b - +0 scale mail
rPois    .         Faith    .   (no helmet)
rElec    .         Spirit   .   (no cloak)
rCorr    .         Reflect  .   (no gloves)
MR       .....     Clarity  +   (no boots)
Stlth    ..........             (no amulet)
HPRegen  0.18/turn              (no ring)
MPRegen  0.10/turn              (no ring)

@: mighty, lethally poisoned (-1 -> -3), constricted, very slow
A: no striking features
a: Bend Time, Defer, Renounce Religion


You were in a sewer.
You worshipped Cheibriados.
Cheibriados was pleased with you.
You were not hungry.

You visited 1 branch of the dungeon, and saw 3 of its levels.
You also visited: Sewer.

You collected 176 gold pieces.

Inventory:

Hand Weapons
 a - a +0 long sword (weapon)
Armour
 b - a +0 scale mail (worn)
 c - a +0 medium shield (worn)
 j - a cursed +0 leather armour
 p - a cursed +0 scale mail
Magical Staves
 r - an uncursed staff of fire {unknown}
Scrolls
 f - 2 scrolls of fog {unknown}
 g - a scroll of immolation {unknown}
 h - a scroll of remove curse {unknown}
 i - 2 scrolls of identify
 l - 2 scrolls of magic mapping {unknown}
 m - a scroll of noise {unknown}
 o - 2 scrolls of teleportation {unknown}
 v - 5 scrolls of blinking {unknown}
Potions
 k - a potion of curing
 n - a potion of degeneration {unknown}
 q - 2 potions of brilliance {unknown}
 t - a potion of heal wounds {unknown}
 u - a potion of magic {unknown}
Comestibles
 e - 2 rations {!d}
 s - 2 chunks of flesh


   Skills:
 + Level 4.4 Fighting
 + Level 4.9 Long Blades
 + Level 4.8 Armour
 + Level 1.2 Dodging
 + Level 0.7 Stealth
 + Level 4.5 Shields


You had 6 spell levels left.
You didn't know any spells.
Your spell library was empty.

Dungeon Overview and Level Annotations

Branches:
Dungeon (3/12)

Altars:
Cheibriados
Dithmenos
Hepliaklqana
Sif Muna


Message History

Your unstable footing causes you to fumble your attack.
The ball python hisses angrily.
The ball python barely misses you. The bullfrog hits you.
* * * LOW HITPOINT WARNING * * *
You block the ball python's attack.
The ball python bites you but does no damage.
The ball python constricts you. You block the adder's attack.
The bullfrog hits you but does no damage.
The ball python bites you but does no damage.
The bullfrog hits you but does no damage.
You block the ball python's attack.
The ball python bites you but does no damage.
The ball python constricts you.
It was a potion of curing.
You feel better. The bullfrog barely misses you. The adder bites you.
* * * LOW HITPOINT WARNING * * *
You are poisoned.
The adder poisons you! You block the bullfrog's attack.
You block the ball python's attack. The bullfrog hits you!
You die...

##.......†.......##
#.......#.........#
##......##'##......##
#......###..##......#
##≈.≈.## #..##..≈≈≈##
#≈≈≈≈≈†# #####≈≈≈≈≈≈#
#≈≈≈≈†≈# #≈≈≈≈≈≈#
#≈≈≈††≈# #≈≈SS≈≈#
#≈≈≈≈≈≈# #≈F@S≈≈#
#≈≈≈≈≈≈# #≈FSS≈≈#
#≈..÷÷## #≈≈SJ≈≈#
#.≈.÷.≈# #≈≈≈#≈≈#
#≈.≈≈.≈# #≈≈S≈.≈#
#≈≈≈≈≈≈# #≈≈≈≈.≈#
#≈≈≈≈≈≈# #≈≈≈≈≈≈#
#≈≈≈≈≈≈# #≈≈≈≈#≈#
#≈≈≈≈≈≈# #≈≈≈≈≈≈#


You could see 2 bullfrogs, an ooze, 2 adders and 5 ball pythons.

Vanquished Creatures
  Sigmund (D:2)
  An ice beast (D:3)
  A worker ant zombie (D:3)
  3 gnolls (D:2)
  4 river rats (Sewer)
  7 adders
  2 orcs
  5 goblins
  6 hobgoblins
  A jackal (D:2)
  2 quokkas
  8 ball pythons
  A bat (D:1)
  3 frilled lizards
  3 kobolds
  26 rats
74 creatures vanquished.

Notes
Turn   | Place    | Note
-------+----------+-------------------------------------------
     0 | D:1      | Turbognida the Human Fighter began the quest for the Orb.
     0 | D:1      | Reached XP level 1. HP: 18/18 MP: 1/1
   174 | D:1      | Reached XP level 2. HP: 24/24 MP: 2/2
   816 | D:2      | Reached XP level 3. HP: 29/29 MP: 3/3
   845 | D:2      | Found a hazy altar of Hepliaklqana.
   848 | D:2      | Found a shimmering blue altar of Sif Muna.
   848 | D:2      | Found a shadowy altar of Dithmenos.
   849 | D:2      | Found a snail-covered altar of Cheibriados.
   862 | D:2      | Became a worshipper of Cheibriados the Contemplative
   917 | D:2      | Reached XP level 4. HP: 26/36 MP: 4/4
  1193 | D:2      | Noticed Sigmund
  1204 | D:2      | Killed Sigmund
  1205 | D:2      | Reached XP level 5. HP: 33/42 MP: 5/5
  1205 | D:2      | Reached XP level 6. HP: 37/48 MP: 6/6
  1573 | D:3      | Noticed an ice beast
  1581 | D:3      | Killed an ice beast
  1582 | D:3      | Reached skill level 1 in Dodging
  1591 | D:3      | Reached * piety under Cheibriados
  1603 | D:3      | Found a glowing drain.
  1610 | Sewer    | Entered a sewer
  1666 | Sewer    | Reached XP level 7. HP: 42/54 MP: 7/7
  1840 | Sewer    | Reached ** piety under Cheibriados
  2209 | Sewer    | HP: 2/55 [bullfrog (1)]
  2210 | Sewer    | Slain by a bullfrog

Skill      XL: |  1  2  3  4  5  6 |
---------------+-------------------+-----
Long Blades    | 4 |  4.9
Fighting       | 4 |  4.4
Armour         | 4 |  4.8
Shields        | 4 |  4.5
Dodging        | 1 |  1.2
Stealth        | |  0.7

Action                   |  1- 3 |  4- 6 |  7- 9 || total
-------------------------+-------+-------+-------++-------
Melee: Long sword        |    89 |    94 |   128 ||   311
  Use: Potion            |       |     2 |     2 ||     4
  Eat: Chunk             |     3 |     6 |     5 ||    14
Armor: Scale mail        |    43 |    42 |   174 ||   259
Dodge: Dodged            |    18 |    19 |    73 ||   110
Block: Medium shield     |    34 |    62 |   193 ||   289
